 Dungeon Crawl Stone Soup version 0.22.1-5-g62c59d919a (webtiles) character file.

1869 Riddle the Skirmisher (level 9, -1/79 HPs)
             Began as a Ghoul Fighter on Jan 15, 2019.
             Was a Follower of Makhleb.
             Killed from afar by an orc wizard (9 damage)
             ... with a puff of frost
             ... on level 6 of the Dungeon.
             The game lasted 00:11:10 (6429 turns).

Riddle the Skirmisher (Ghoul Fighter)               Turns: 6429, Time: 00:11:11

Health: -1/79      AC: 15    Str: 23    XL:     9   Next: 13%
Magic:  8/8        EV:  6    Int:  3    God:    Makhleb [*.....]
Gold:   254        SH: 10    Dex:  8    Spells: 8/8 levels left

rFire    + . .     SeeInvis .     - Unarmed
rCold    . . .     Gourm    .   b - +0 shield
rNeg     + + +     Faith    .   D - +0 chain mail
rPois    ∞         Spirit   .   y - +0 helmet
rElec    .         Reflect  .   a - +2 cloak
rCorr    .         Harm     .   (no gloves)
MR       .....                  k - +0 pair of boots
Stlth    ..........             (no amulet)
HPRegen  0.00/turn              g - ring of flight
MPRegen  0.11/turn              f - ring of fire

@: rotting
A: rotting body, claws 1, carnivore, cold resistance 1, negative energy
resistance 3, inhibited regeneration, torment resistance, unbreathing
a: Renounce Religion, Evoke Flight


You were on level 6 of the Dungeon.
You worshipped Makhleb.
Makhleb was aware of your devotion.
You were hungry.

You visited 2 branches of the dungeon, and saw 7 of its levels.

You collected 254 gold pieces.

Inventory:

Armour
 a - a +2 cloak (worn)
 b - a +0 shield (worn)
 k - a +0 pair of boots (worn)
 y - a +0 helmet (worn)
 D - a +0 chain mail (worn)
Jewellery
 f - a ring of fire (right claw)
 g - a ring of flight (left claw)
 t - an uncursed ring of see invisible {unknown}
Scrolls
 e - 4 scrolls of remove curse {unknown}
 i - 3 scrolls of fog {unknown}
 j - 3 scrolls of magic mapping {unknown}
 l - a scroll of enchant armour {unknown}
 n - 3 scrolls of identify {unknown}
 q - a scroll of enchant weapon {unknown}
 r - 5 scrolls of blinking {unknown}
 x - 2 scrolls of teleportation {unknown}
 B - a scroll of immolation {unknown}
Potions
 c - a potion of might
 h - 7 potions of curing {unknown}
 m - a potion of magic {unknown}
 o - a potion of mutation {unknown}
 p - a potion of resistance
 s - 3 potions of heal wounds {unknown}
 u - a potion of degeneration {unknown}
 v - a potion of lignification {unknown}
 w - a potion of cancellation {unknown}
 A - 2 potions of flight {unknown}
 C - a potion of berserk rage {unknown}
Comestibles
 d - 12 rations


   Skills:
 + Level 7.1 Fighting
 + Level 5.9 Armour
 + Level 5.9 Shields
 + Level 6.6 Unarmed Combat


You had 8 spell levels left.
You didn't know any spells.
Your spell library contained the following spells:

 Spells                   Type           Power        Failure   Level  Hunger
 Sticks to Snakes         Tmut           #.......     100%        2    ###....
 Beastly Appendage        Tmut           Unusable     N/A         1    N/A
 Spider Form              Tmut/Pois      Unusable     N/A         3    N/A
 Ice Form                 Ice/Tmut       Unusable     N/A         4    N/A
 Blade Hands              Tmut           Unusable     N/A         5    N/A

Dungeon Overview and Level Annotations

Branches:
Dungeon (6/15)             Temple (1/1) D:5

Altars:
Cheibriados
Elyvilon
Fedhas
Gozag
Hepliaklqana
Kikubaaqudgha
Makhleb
Nemelex Xobeh
Okawaru
Qazlal
Ru
Trog
Vehumet
Wu Jian
Yredelemnul
Zin
The Shining One

Shops:
D:5 [=*[


Innate Abilities, Weirdness & Mutations

Your body is rotting away.
You thrive on raw meat.
You are immune to poison.
You have sharp fingernails.
You are carnivorous and can eat meat at any time.
Your flesh is cold resistant. (rC+)
You are immune to negative energy. (rN+++)
You do not regenerate when monsters are visible.
You are immune to unholy pain and torment.
You can survive without breathing.


Message History

The orc hits you but does no damage. The orc wizard barely misses you.
Unknown command.
You scratch the orc wizard.
The orc wizard is almost dead.
You block the orc wizard's attack. The orc hits you but does no damage.
The orc wizard hits you but does no damage. x2
Unknown command.
You closely miss the orc wizard.
The orc wizard is almost dead.
The orc wizard gestures at you while chanting.
The puff of frost hits you!
* * * LOW HITPOINT WARNING * * *
You block the orc's attack. The orc wizard hits you with a dagger.
* * * LOW HITPOINT WARNING * * *
You barely miss the orc wizard.
The orc wizard is almost dead.
The orc wizard barely misses you. You block the orc's attack.
The orc wizard gestures at you while chanting.
The puff of frost hits you!
You die...

...<##....##
.....#....##............
.....#...##.............
........................
........................
.......[................
.......................#
...............†)o....#
................@o....#
.................o...##
....................##
......b.........(..##
.................###
.....b......(...##
...............##
..............##
.........>....##


You could see 2 orc wizards and an orc.

Vanquished Creatures
  Sigmund (D:2)
  2 ice beasts (D:5)
  A phantom (D:5)
  2 centaurs (D:5)
  3 bullfrogs (D:6)
  A scorpion (D:4)
  A howler monkey (D:5)
  A bullfrog zombie (D:6)
  A bullfrog skeleton (D:4)
  A hound (D:4)
  5 orc priests
  Crazy Yiuf (D:2)
  Natasha (thrice) (D:3)
  12 orc wizards
  6 worker ants
  A worker ant zombie (D:6)
  5 gnolls
  5 adders
  A shadow imp (D:6)
  An ooze (D:1)
  3 worms
  2 leopard geckos
  24 orcs
  5 ball pythons
  8 bats
  3 giant cockroaches
  12 goblins
  5 hobgoblins
  6 jackals
  5 kobolds
  A quokka (D:3)
  2 frilled lizards
  A jackal zombie (D:3)
  A leopard gecko skeleton (D:5)
  10 rats
142 creatures vanquished.

Vanquished Creatures (others)
  An orc (D:3)
1 creature vanquished.

Grand Total: 143 creatures vanquished

Notes
Turn   | Place    | Note
-------+----------+-------------------------------------------
     0 | D:1      | Riddle the Ghoul Fighter began the quest for the Orb.
     0 | D:1      | Reached XP level 1. HP: 19/19 MP: 0/0
   180 | D:1      | Reached XP level 2. HP: 26/26 MP: 1/1
   600 | D:1      | Reached XP level 3. HP: 30/30 MP: 2/2
  1333 | D:2      | Reached XP level 4. HP: 29/40 MP: 3/3
  1502 | D:2      | Found a runed door.
  1675 | D:2      | Noticed Sigmund
  1696 | D:2      | Killed Sigmund
  1696 | D:2      | Reached skill level 4 in Fighting
  1696 | D:2      | Reached XP level 5. HP: 19/47 MP: 4/4
  1982 | D:2      | Noticed Crazy Yiuf
  1993 | D:2      | Killed Crazy Yiuf
  1993 | D:2      | Reached XP level 6. HP: 23/53 MP: 5/5
  2684 | D:3      | Reached skill level 5 in Fighting
  2869 | D:3      | Reached XP level 7. HP: 55/57 MP: 6/6
  2990 | D:3      | Noticed Natasha
  3005 | D:3      | Killed Natasha
  3247 | D:3      | Noticed Natasha
  3253 | D:3      | Killed Natasha
  3343 | D:3      | Noticed Natasha
  3353 | D:3      | Killed Natasha
  3486 | D:4      | Found a sacrificial altar of Ru.
  3974 | D:4      | Reached skill level 5 in Unarmed Combat
  4011 | D:4      | Found a bloodstained altar of Trog.
  4338 | D:4      | Found a burning altar of Makhleb.
  4343 | D:4      | Reached XP level 8. HP: 61/70 MP: 7/7
  4349 | D:4      | Became a worshipper of Makhleb the Destroyer
  4673 | D:5      | Entered Level 5 of the Dungeon
  4673 | D:5      | Found Wifynlug's Armour Boutique.
  4965 | D:5      | Reached skill level 6 in Fighting
  4965 | D:5      | Reached skill level 5 in Armour
  4965 | D:5      | Reached skill level 5 in Shields
  5251 | D:5      | Found Niteocen's General Store.
  5251 | D:5      | Found a staircase to the Ecumenical Temple.
  5257 | Temple   | Entered the Ecumenical Temple
  5406 | D:5      | Found a white marble altar of Elyvilon.
  5646 | D:5      | Found Azucvimn's Jewellery Shop.
  5755 | D:5      | Found Joitu's Antique Armour Shoppe.
  5845 | D:5      | Reached * piety under Makhleb
  6301 | D:6      | Reached XP level 9. HP: 72/77 MP: 8/8
  6359 | D:6      | Reached skill level 7 in Fighting
  6429 | D:6      | Killed from afar by an orc wizard

Skill      XL: |  1  2  3  4  5  6  7  8  9 |
---------------+----------------------------+-----
Armour         | 3 4 5 |  5.9
Shields        | 3 4 5 |  5.9
Fighting       | 4 5 6 7 |  7.1
Unarmed Combat | 3 4 5 6 |  6.6

Action                   |  1- 3 |  4- 6 |  7- 9 || total
-------------------------+-------+-------+-------++-------
Melee: Unarmed           |   101 |   140 |   386 ||   627
  Eat: Chunk             |     4 |     3 |    12 ||    19
Armor: Scale mail        |    31 |    12 |       ||    43
       Ring mail         |       |    43 |   100 ||   143
       Chain mail        |       |       |    79 ||    79
Dodge: Dodged            |    25 |    39 |   106 ||   170
Block: Shield            |    38 |    51 |   202 ||   291
